 Dungeon Crawl Stone Soup version 0.31-a0-188-g5e087ee2ca (webtiles) character file.

Game seed: 9621448075740412201

68 qw the Shooter (level 4, -5/25 HPs)
             Began as a Deep Elf Hunter on June 23, 2023.
             Killed by divine providence
             ... invoked by an orc priest
              (9 damage)
             ... on level 2 of the Dungeon.
             The game lasted 00:00:30 (1361 turns).

qw the Shooter (Deep Elf Hunter)                    Turns: 1361, Time: 00:00:30

Health: -5/25      AC:  4    Str:  8 (10) XL:     4   Next: 1%
Magic:  6/6        EV: 12    Int: 13 (14) God:
Gold:   36         SH:  0    Dex: 16 (18) Spells: 3/3 levels left

rFire   . . .        Y - +0 shortbow
rCold   . . .        (shield currently unavailable)
rNeg    . . .        c - +0 leather armour
rPois   .            (no helmet)
rElec   .            (no cloak)
rCorr   .            b - +0 pair of gloves
SInv    .            (no boots)
Will    .....        (no amulet)
Stlth   ++           (no ring)
HPRegen 0.24/turn    (no ring)
MPRegen 0.10/turn

%: no passive effects
@: no status effects
A: no striking features
a: no special abilities


You were on level 2 of the Dungeon.
You visited 1 branch of the dungeon, and saw 2 of its levels.

You collected 36 gold pieces.


   Skills:
 - Level 1.5 Fighting
 + Level 7.4 Ranged Weapons
 - Level 2.4 Dodging
 - Level 1.2 Stealth


You had 3 spell levels left.
You didn't know any spells.
Your spell library was empty.

Inventory:

Hand Weapons
 Y - a +0 shortbow (weapon)
Armour
 a - a +0 troll leather armour
 b - a +0 pair of gloves (worn)
 c - a +0 leather armour (worn)
Scrolls
 e - a scroll of fear {unknown}
Potions
 d - 2 potions of curing {unknown}
 f - a potion of attraction {unknown}

Dungeon Overview and Level Annotations

Branches:
Dungeon (2/15)

Altars:
Trog


Message History

You shoot an arrow. The arrow barely misses the orc.
You shoot an arrow. The arrow barely misses the orc.
An orc comes into view. It is wielding a +0 short sword.
You shoot an arrow. The arrow hits the orc!
You kill the orc!
You shoot an arrow. The arrow barely misses the orc.
You shoot an arrow. The arrow closely misses the orc.
You shoot an arrow. The arrow closely misses the orc.
The orc priest invokes the aid of Beogh against you.
Beogh smites you!
Ouch! That really hurt!
The orc closely misses you.
You shoot an arrow. The arrow hits the orc!
You kill the orc!
You shoot an arrow. The arrow hits the orc.
The orc is severely wounded.
You shoot an arrow. The arrow closely misses the orc.
The orc hits you but does no damage.
You shoot an arrow. The arrow hits the orc.
You kill the orc!
You have reached level 4!
You feel clever.
You shoot an arrow.
The arrow hits the orc priest but does no damage.
The orc priest barely misses you.
You shoot an arrow.
The arrow hits the orc priest but does no damage.
The orc closely misses you.
The orc priest miscasts a cantrip.
You shoot an arrow. The arrow barely misses the orc priest.
The orc hits you but does no damage.
The orc priest hits you with a +0 hand axe.
You shoot an arrow. The arrow hits the orc priest!
The orc priest is heavily wounded.
The orc hits you with a +0 mace. The orc priest barely misses you.
You shoot an arrow.
The arrow closely misses the orc priest.
The orc hits you with a +0 mace.
The orc priest mumbles some strange prayers to Beogh against you.
Beogh smites you!
You die...

####.###### #.# #......
..# #.# #.#..# #.#
###.###
###....####.#####...<.#
+...)..................
###.....###.#####.....#
#.#.#.# #.# #.....#
#.###.###.# #.....#
#...@o....# ####.##
#####o##### #.# #.# #.#
#)# ... .# .. .# .# .
.# . .


You could see an orc priest and an orc.

Vanquished Creatures
  An adder (D:2)
  A worm (D:2)
  2 dart slugs
  3 orcs (D:2)
  4 endoplasms
  A giant cockroach (D:1)
  3 goblins
  5 hobgoblins
  6 jackals
  2 kobolds (D:1)
  2 quokkas (D:1)
  2 ball pythons (D:1)
  6 bats
  2 frilled lizards (D:1)
  6 rats
46 creatures vanquished.

Notes
Turn   | Place    | Note
-------+----------+-------------------------------------------
     0 | D:1      | qw the Deep Elf Hunter began the quest for the Orb.
     0 | D:1      | Reached XP level 1. HP: 12/12 MP: 3/3
     0 | D:1      | 0 ||| qw: Version: 0.3-a-9-g12657ce
     0 | D:1      | 0 ||| qw: Game counter: 3071
     0 | D:1      | 0 ||| qw: Always use a shield: true
     0 | D:1      | 0 ||| qw: God list: Okawaru
     0 | D:1      | 0 ||| qw: Allow faded altars: false
     0 | D:1      | 0 ||| qw: Do Orc after D:15 true
     0 | D:1      | 0 ||| qw: Do second Lair branch before Depths: true
     0 | D:1      | 0 ||| qw: Lair rune preference: random
     0 | D:1      | 0 ||| qw: Plans: Normal
     0 | D:1      | 0 ||| PLANNING D:1-11
   157 | D:1      | You fall into a shaft and drop 1 floor!
   163 | D:2      | 163 ||| DROPPING scroll of butterflies.
   176 | D:1      | HP: 2/12 [frozen (5)]
   177 | D:1      | Reached skill level 6 in Ranged Weapons
   177 | D:1      | Reached XP level 2. HP: 3/16 MP: 4/4
   308 | D:1      | 308 ||| FLEEEEING.
   638 | D:1      | Reached XP level 3. HP: 20/20 MP: 5/5
   949 | D:1      | 949 ||| UPGRADING to +0 pair of gloves.
   954 | D:1      | 954 ||| READING scroll labelled UNEBLEPSOO.
   955 | D:1      | 955 ||| READING scroll labelled XED GO KAOMAQE.
   956 | D:1      | 956 ||| DRINKING 2 ruby potions.
   957 | D:1      | 957 ||| DROPPING potion of degeneration.
  1048 | D:2      | Reached skill level 7 in Ranged Weapons
  1208 | D:2      | Found a bloodstained altar of Trog.
  1357 | D:2      | Reached XP level 4. HP: 15/25 MP: 6/6
  1360 | D:2      | HP: 6/25 [orc/+0 mace (3)]
  1361 | D:2      | Killed from afar by an orc priest

Levels and vault maps discovered:
D:1:      ldierk_walled_garden, layout_basic, st_stairs_3,
          kennysheep_crisscross, minmay_tetromino_t4
D:2:      layout_loops_corners, basic_altar, nicolae_ecumenical_oubliette,
          minmay_worlds_worst_comb, uniq_terence

Skill      XL: |  1  2  3 |
---------------+----------+-----
Ranged Weapons | 6 7 |  7.4
Fighting       | |  1.5
Dodging        | |  2.4
Stealth        | |  1.2

Action                     |  1- 3 |  4- 6 || total
---------------------------+-------+-------++-------
   Fire: Shortbow          |   117 |     5 ||   122
    Use: Scroll            |     2 |       ||     2
         Potion            |     1 |       ||     1
 Armour: Leather armour    |    20 |     1 ||    21
  Dodge: Dodged            |    39 |     3 ||    42

Table legend:
 A = Non-vault XP
 B = Vault XP
 C = Vault XP percentage of total XP
 D = Non-vault monster count
 E = Vault monster count
 F = Vault count percentage of total count
                 A         B        C        D         E       F
            +---------+---------+-------+---------+---------+-------
      Total |      86 |      12 |  12.2 |      40 |       6 |  13.0
            +---------+---------+-------+---------+---------+-------
        D:1 |      38 |      12 |  24.0 |      24 |       6 |  20.0
        D:2 |      48 |       0 |   0.0 |      16 |       0 |   0.0
            +---------+---------+-------+---------+---------+-------
